 Dungeon Crawl Stone Soup version 0.29.1-1-gd02db6906a (webtiles) character file.

Game seed: 12216447307762118587

10354 funkygono the Thaumaturge (level 11, -2/57 HPs)
             Began as a Gargoyle Fire Elementalist on Sept 16, 2022.
             Was a Follower of Vehumet.
             Slain by a komodo dragon (23 damage)
             ... on level 10 of the Dungeon.
             The game lasted 00:22:26 (11378 turns).

funkygono the Thaumaturge (GrFE)                   Turns: 11378, Time: 00:22:27

Health: -2/57      AC: 17    Str:  7    XL:     11   Next: 60%
Magic:  31/34      EV: 16    Int: 21    God:    Vehumet [*.....]
Gold:   696        SH:  0    Dex: 13    Spells: 20/31 levels left

rFire   + . .      SeeInvis .   C - staff of fire
rCold   . . .      Faith    .   (no shield)
rNeg    + . .      Spirit   .   D - +2 leather armour "Muqagex" {MP+9 Str-4 Dex+3 Slay+2}
rPois   ∞          Reflect  .   r - +1 helmet
rElec   +          Harm     .   e - +0 cloak
rCorr   .          Rampage  .   (no gloves)
Will    .....                   N - +0 pair of boots
Stlth   ++........              (no amulet)
HPRegen 0.19/turn               c - ring of wizardry
MPRegen 0.24/turn               s - +4 ring of evasion

@: no status effects
A: sickness immunity, AC +8, negative energy resistance 1, electricity
resistance, torment resistance 1, petrification resistance
a: Renounce Religion


You were on level 10 of the Dungeon.
You worshipped Vehumet.
Vehumet was aware of your devotion.
You visited 2 branches of the dungeon, and saw 11 of its levels.
You also visited: Bailey.

You collected 696 gold pieces.

Inventory:

Hand Weapons
 l - a +0 whip of electrocution
 u - a +5 flail of protection
 w - the +5 dagger of Jafilidi {drain, Drain rPois Str-4 SInv}
   (You found it on level 5 of the Dungeon)

   A truly terrible weapon, it drains the life of any living foe it strikes.
   Str:       It affects your strength (-4).
   rPois:     It protects you from poison.
   SInv:      It lets you see invisible.
   Drain:     It drains your maximum health when unequipped.
 F - the +9 rapier of Contention {spect, rN+}
   (You took it off a hobgoblin in a bailey)

   When its wielder attacks, the weapon's spirit leaps out and strikes again.
   The spirit shares a part of any damage it takes with its wielder.
   rN:        It protects you from negative energy.
 J - a +0 whip of freezing
 L - a +0 demon whip of venom
Armour
 a - a +0 robe
 e - a +0 cloak (worn)
 f - a +1 ring mail of cold resistance
 q - a scarf of shadows
 r - a +1 helmet (worn)
 D - the +2 leather armour "Muqagex" (worn) {MP+9 Str-4 Dex+3 Slay+2}
   (You found it on level 6 of the Dungeon)

   Str:       It affects your strength (-4).
   Dex:       It affects your dexterity (+3).
   Slay:      It affects your accuracy & damage with ranged weapons and melee
   (+2).
   MP:        It affects your magic capacity (+9).
 G - a +0 leather armour of poison resistance
 N - a +0 pair of boots (worn)
 Q - +0 steam dragon scales
Magical Staves
 C - a staff of fire (weapon)
Jewellery
 c - a ring of wizardry (left hand)
 s - a +4 ring of evasion (right hand)
 v - a ring of flight
 y - a ring of see invisible
 H - a ring of resist corrosion
Wands
 K - a wand of mindburst (6)
 P - a wand of polymorph (5)
Scrolls
 h - a scroll of magic mapping
 m - a scroll of teleportation
 n - 2 scrolls of poison
 z - a scroll of blinking
 A - a scroll of fog
 E - 3 scrolls of fear
 O - 3 scrolls of identify
Potions
 b - 2 potions of magic
 d - a potion of flight
 g - 2 potions of ambrosia
 i - a potion of invisibility
 j - 5 potions of heal wounds
 k - 2 potions of brilliance
 o - 3 potions of lignification
 p - 6 potions of curing
 t - a potion of might {unknown}
 x - a potion of mutation {unknown}
 B - a potion of berserk rage {unknown}
 I - 2 potions of degeneration {unknown}
 M - a potion of resistance {unknown}


   Skills:
 + Level 2.1 Fighting
 + Level 3.1(3.2) Maces & Flails
 + Level 1.0(2.2) Staves
 + Level 3.3 Armour
 + Level 3.2 Dodging
 - Level 2.1 Stealth
 + Level 10.8 Spellcasting
 + Level 8.3 Conjurations
 + Level 10.2 Fire Magic


You had 20 spell levels left.
You knew the following spells:

 Your Spells              Type           Power      Damage    Failure   Level
a - Foxfire               Conj/Fire      100%       2x1d9     1%          1
b - Scorch                Fire           100%       2d10      1%          2
c - Conjure Flame         Conj/Fire      66%        6-21      1%          3
d - Flame Wave            Conj/Fire      66%        2d15      1%          4
e - Shock                 Conj/Air       100%       1d9       1%          1

Your spell library contained the following spells:

 Spells                   Type           Power      Damage    Failure   Level
 Inner Flame              Hex/Fire       49%        N/A       1%          3
 Hailstorm                Conj/Ice       28%        3d8       6%          4
 Frozen Ramparts          Ice            22%        1d4       11%         3
 Ice Form                 Ice/Tmut       11%        N/A       32%         4
 Summon Ice Beast         Ice/Summ       11%        N/A       32%         4
 Simulacrum               Ice/Necr       5%         N/A       99%         6


Dungeon Overview and Level Annotations

Branches:
Dungeon (10/15)            Temple (1/1) D:5             Orc (0/2) D:9
 Bailey (visited)
   Lair: D:8-11

Altars:
Ashenzari
Cheibriados
Dithmenos
Elyvilon
Fedhas
Gozag
Hepliaklqana
Kikubaaqudgha
Makhleb
Nemelex Xobeh
Okawaru
Qazlal
Ru
Sif Muna
Trog
Uskayaw
Vehumet
Wu Jian
Xom
Yredelemnul
Zin
The Shining One

Shops:
D:9 [(


Innate Abilities, Weirdness & Mutations

You are immune to sickness and miasma.
Your stone body is resilient. (AC +8)
You are immune to poison.
You resist negative energy. (rN+)
You are resistant to electric shocks. (rElec)
You are resistant to unholy torment.
You are immune to petrification.


Message History

The komodo dragon is moderately wounded.
The komodo dragon's fire resistance burns away.
You hear an angry hiss.
A komodo dragon comes into view.
Casting: Scorch (safe; 1% risk of failure)
Confirm with . or Enter, or press ? or * to list all spells.
You feel a surge of power!
Flames lash the komodo dragon.
The komodo dragon is burned terribly!
The komodo dragon is severely wounded.
Unknown command.
You barely miss the komodo dragon.
The komodo dragon is severely wounded.
The komodo dragon closely misses you.
You barely miss the komodo dragon.
The komodo dragon is severely wounded.
The komodo dragon bites you but does no damage.
You closely miss the komodo dragon.
The komodo dragon is severely wounded.
The komodo dragon bites you!
Casting: Scorch (safe; 1% risk of failure)
Confirm with . or Enter, or press ? or * to list all spells.
You feel a surge of power!
Flames lash the komodo dragon.
The komodo dragon is burned terribly!
The komodo dragon is almost dead.
The komodo dragon bites you!!
Unknown command.
The komodo dragon attacks as you move away!
The komodo dragon closely misses you.
The komodo dragon attacks as you move away!
The komodo dragon bites you but does no damage.
The komodo dragon attacks as you move away!
The komodo dragon misses you.
The komodo dragon attacks as you move away!
The komodo dragon misses you.
The komodo dragon hisses menacingly.
The komodo dragon attacks as you move away!
The komodo dragon barely misses you.
The komodo dragon attacks as you move away!
The komodo dragon bites you!!
You die...

#############............
..............###.#######
############### #.# #.#
#.# #.# . #.# #..##
########.#
#...###....ll@.#
#...######### #.#### #


You could see 2 komodo dragons.

Vanquished Creatures
  A hydra (D:10)
  A two-headed ogre (D:9)
  Amaemon (D:8)
  Pikel (D:8)
  An orc sorcerer (Bailey)
  An orc knight (Bailey)
  Joseph (D:7)
  An orange demon (D:8)
  A gargoyle (D:10)
  A kobold demonologist (Bailey)
  Grinder (D:4)
  Prince Ribbit (D:7)
  2 wyverns
  A human (D:7)
  3 yaks (D:9)
  3 steam dragons
  Edmund (D:5)
  4 water moccasins
  A black bear (D:7)
  An ice beast (D:8)
  2 sky beasts (D:7)
  13 orc warriors
  2 ogres
  A centaur (D:7)
  A phantom (D:4)
  3 lemures (D:8)
  A kobold brigand (D:9)
  2 bullfrogs
  A scorpion (D:6)
  3 necrophages
  13 wights
  4 howler monkeys
  2 electric eels (Bailey)
  3 hounds
  3 jellies
  3 gnoll boudas
  2 orc priests (D:3)
  An iguana (D:6)
  3 orc wizards (D:7)
  A mummy (D:8)
  17 gnolls
  6 adders
  A shadow imp (D:6)
  A white imp (D:5)
  An ufetubus (D:4)
  A worm (D:2)
  23 orcs
  6 ball pythons
  4 endoplasms
  3 giant cockroaches
  16 goblins
  12 hobgoblins
  4 jackals (D:5)
  4 quokkas
  4 bats
  3 frilled lizards
  3 hobgoblin zombies (D:8)
  11 kobolds
  An orc zombie (D:8)
  3 rats
216 creatures vanquished.

Vanquished Creatures (others)
  A kobold (D:9)
  612 foxfires
  2 withered plants (D:1)
615 creatures vanquished.

Grand Total: 831 creatures vanquished

Notes
Turn   | Place    | Note
-------+----------+-------------------------------------------
     0 | D:1      | funkygono the Gargoyle Fire Elementalist began the quest
                  | for the Orb.
     0 | D:1      | Reached XP level 1. HP: 10/10 MP: 3/3
   395 | D:1      | Found a faded altar of an unknown god.
   422 | D:1      | You fall into a shaft and drop 1 floor!
   459 | D:2      | Reached XP level 2. HP: 13/15 MP: 0/5
   510 | D:2      | Learned a level 2 spell: Scorch
   722 | D:2      | Reached XP level 3. HP: 19/19 MP: 2/6
   728 | D:2      | Learned a level 3 spell: Conjure Flame
  1949 | D:3      | Reached XP level 4. HP: 24/24 MP: 5/8
  2254 | D:3      | Found a snail-covered altar of Cheibriados.
  2254 | D:3      | Found a sparkling altar of Nemelex Xobeh.
  2633 | D:3      | Found a sacrificial altar of Ru.
  2635 | D:3      | Found a shimmering blue altar of Sif Muna.
  2741 | D:3      | Reached XP level 5. HP: 18/28 MP: 1/10
  2914 | D:3      | Learned a level 4 spell: Flame Wave
  3082 | D:4      | Noticed a phantom
  3090 | D:4      | Killed a phantom
  3091 | D:4      | Reached XP level 6. HP: 32/32 MP: 4/12
  3225 | D:4      | Noticed Grinder
  3242 | D:4      | Killed Grinder
  3243 | D:4      | Reached XP level 7. HP: 37/37 MP: 2/14
  3387 | D:4      | Reached skill level 5 in Fire Magic
  3955 | D:5      | Entered Level 5 of the Dungeon
  3985 | D:5      | Noticed Edmund
  3994 | D:5      | Killed Edmund
  3995 | D:5      | Reached skill level 1 in Maces & Flails
  3995 | D:5      | Reached skill level 5 in Spellcasting
  4225 | D:5      | Found a staircase to the Ecumenical Temple.
  4231 | D:5      | Identified the +5 dagger of Jafilidi {drain, Drain rPois
                  | Str-4 SInv}
  4459 | Temple   | Entered the Ecumenical Temple
  5397 | D:6      | Reached XP level 8. HP: 42/42 MP: 8/16
  5572 | D:6      | Found a shadowy altar of Dithmenos.
  5677 | D:6      | Found a glowing golden altar of the Shining One.
  6426 | D:6      | Identified the +2 leather armour "Muqagex" {MP+9 Str-4
                  | Dex+3 Slay+2}
  6518 | D:7      | Found a flagged portal.
  6518 | D:7      | Found a runed translucent door.
  6528 | D:6      | Reached skill level 5 in Conjurations
  6552 | D:6      | Reached skill level 1 in Fighting
  6587 | D:7      | Noticed Prince Ribbit
  6588 | D:7      | Reached XP level 9. HP: 36/47 MP: 11/19
  6796 | D:7      | Killed Prince Ribbit
  6817 | D:7      | Noticed Joseph
  6821 | Bailey   | Entered a bailey
  7120 | Bailey   | Reached skill level 1 in Armour
  7381 | Bailey   | Noticed an orc knight
  7394 | Bailey   | Killed an orc knight
  7395 | Bailey   | Reached XP level 10. HP: 32/53 MP: 16/22
  7555 | Bailey   | Identified the +9 rapier of Contention {spect, rN+}
  7580 | Bailey   | Noticed a kobold demonologist
  7667 | Bailey   | Found an iron altar of Okawaru.
  7673 | Bailey   | Noticed an orc sorcerer
  7682 | Bailey   | Killed an orc sorcerer
  7743 | Bailey   | Noticed a soul eater
  7744 | Bailey   | Killed a kobold demonologist
  7997 | D:7      | Killed Joseph
  8138 | D:7      | Found a basalt altar of Yredelemnul.
  8308 | D:7      | Noticed a +0 dagger
  8309 | D:7      | Noticed a +0 dagger
  8312 | D:7      | Found a hide-covered altar of Uskayaw.
  8399 | D:7      | Found a shimmering altar of Xom.
  8546 | D:7      | Acquired a ring of see invisible
  9268 | D:8      | Found a radiant altar of Vehumet.
  9294 | D:8      | Noticed Pikel
  9304 | D:8      | Killed Pikel
  9316 | D:8      | Became a worshipper of Vehumet
  9365 | D:8      | Noticed Amaemon
  9365 | D:8      | Noticed an orange demon
  9375 | D:8      | Killed Amaemon
  9376 | D:8      | Reached skill level 10 in Spellcasting
  9376 | D:8      | Reached XP level 11. HP: 36/57 MP: 18/25
  9791 | D:8      | Found a broken altar of Ashenzari.
 10125 | D:9      | Reached * piety under Vehumet
 10125 | D:9      | Offered knowledge of Shock by Vehumet.
 10234 | D:9      | Found an iron altar of Okawaru.
 10394 | D:9      | Noticed a two-headed ogre
 10407 | D:9      | Killed a two-headed ogre
 10408 | D:9      | Reached skill level 1 in Staves
 10593 | D:9      | Reached skill level 10 in Fire Magic
 10735 | D:9      | Found Sobasotu's Weapon Shop.
 10735 | D:9      | Found a staircase to the Orcish Mines.
 10742 | D:9      | Found Zynu's Armour Shop.
 10839 | D:9      | Learned a level 1 spell: Shock
 10913 | D:10     | Entered Level 10 of the Dungeon
 10974 | D:10     | Found an opulent altar of Gozag.
 11102 | D:10     | Noticed a six-headed hydra
 11113 | D:10     | Killed a six-headed hydra
 11378 | D:10     | Slain by a komodo dragon

Illustrated notes

Levels and vault maps discovered:
D:1:      lemuel_arrival_broad_hall, layout_basic,
          ebering_ecumenical_altar_petrified, serial_bayou_pond_a
D:2:      layout_basic, solitary_fountain, minmay_pentomino_t4
D:3:      layout_basic, nicolae_overflow_two_pavilions,
          nicolae_overflow_hidden_temple, minivault_25, grunt_ministairs_13
D:4:      layout_basic, uniq_grinder
D:5:      layout_basic, minmay_temple_entry_slanted, serial_corexii_hall,
          corexii_hall_statues_x, corexii_hall_statues_t, uniq_edmund
D:6:      layout_cave_pods, mainiacjoe_overflow_catch_the_wave
D:7:      layout_rooms, kennysheep_mini, dancing_weapons_uskayaw,
          dk_yredelemnul_ordeal, enter_bailey_2, uniq_prince_ribbit1,
          uniq_joseph
D:8:      layout_basic, lemuel_doored_altar,
          mainiacjoe_overflow_six_doors_small, minmay_mini_ossuary, uniq_pikel,
          uniq_amaemon
D:9:      layout_roguey, okawaru_gym_becter, orc_david_3
D:10:     layout_rooms, nicolae_gozag_seed_capital, erik_lair_dragon, uniq_urug
Temple:   hellmonk_temple_rainy

Skill      XL: |  1  2  3  4  5  6  7  8  9 10 11 |
---------------+----------------------------------+-----
Fire Magic     | 4 5 6 7 9 10 | 10.2
Spellcasting   | 3 4 5 7 8 10 | 10.8
Dodging        | 2 3 |  3.2
Conjurations   | 2 3 5 6 7 8 |  8.3
Maces & Flails | 1 2 3 |  3.1
Fighting       | 1 2 |  2.1
Armour         | 1 2 3 |  3.3
Staves         | 1 |  1.0
Stealth        | |  2.1

Action                   |  1- 3 |  4- 6 |  7- 9 | 10-12 || total
-------------------------+-------+-------+-------+-------++-------
Melee: Unarmed           |     7 |       |       |       ||     7
       Club              |     1 |       |       |       ||     1
       Whip              |     5 |     9 |     4 |       ||    18
       Flail             |       |       |    18 |       ||    18
       Staff             |       |       |    12 |    24 ||    36
       Punch             |       |       |     1 |       ||     1
 Cast: Foxfire           |    60 |    42 |   116 |   135 ||   353
       Scorch            |     2 |     3 |    26 |    42 ||    73
       Flame Wave        |       |       |    11 |    14 ||    25
       Conjure Flame     |       |       |       |     1 ||     1
  Use: Scroll            |     8 |     4 |     5 |     7 ||    24
       Potion            |       |       |       |     2 ||     2
Armor: Robe              |     6 |     3 |    10 |       ||    19
       Leather armour    |       |       |    16 |    45 ||    61
Dodge: Dodged            |    14 |     7 |    56 |    78 ||   155
